 Dungeon Crawl Stone Soup version 0.26-a0-771-g060e6a62af (webtiles) character file.

Game seed: 9559321615318982073

116 Queen the Skirmisher (level 4, 0/40 HPs)
             Began as a Draconian Fighter on Nov 8, 2020.
             Was an Initiate of the Shining One.
             Killed from afar by Blork the orc (7 damage)
             ... with a puff of flame
             ... on level 4 of the Dungeon.
             The game lasted 00:06:47 (2230 turns).

Queen the Skirmisher (Draconian Fighter)            Turns: 2230, Time: 00:06:48

Health: 0/40       AC:  6    Str: 19    XL:     4   Next: 69%
Magic:  4/4        EV: 10    Int:  8    God:    the Shining One [......]
Gold:   146        SH:  9    Dex: 11    Spells: 3/3 levels left

rFire    . . .     SeeInvis .   a - +0 long sword
rCold    . . .     Faith    .   b - +0 kite shield
rNeg     . . .     Spirit   .   (armour unavailable)
rPois    .         Reflect  .   (helmet restricted)
rElec    .         Harm     .   (no cloak)
rCorr    .         Rampage  .   (no gloves)
MR       .....                  n - +0 pair of boots
Stlth    +.........             (no amulet)
HPRegen  0.13/turn              (no ring)
MPRegen  0.09/turn              (no ring)

@: glowing
A: unfitting armour, cold-blooded, AC +5
a: Renounce Religion


You were on level 4 of the Dungeon.
You worshipped the Shining One.
The Shining One was noncommittal.
You visited 1 branch of the dungeon, and saw 4 of its levels.

You collected 146 gold pieces.

Inventory:

Hand Weapons
 a - a +0 long sword (weapon)
Armour
 b - a +0 kite shield (worn)
 n - a +0 pair of boots (worn)
Wands
 i - a wand of enslavement (6)
Scrolls
 e - a scroll of enchant weapon {unknown}
 f - a scroll of remove curse
 g - a scroll of immolation {unknown}
 h - 4 scrolls of teleportation {unknown}
 j - a scroll of fear {unknown}
Potions
 c - a potion of might
 d - a potion of heal wounds
 k - a potion of flight
 l - a potion of attraction {unknown}
 m - a potion of degeneration {unknown}
 o - 2 potions of curing


   Skills:
 + Level 4.0 Fighting
 * Level 3.5 Long Blades
 + Level 3.2 Dodging
 + Level 3.5 Shields


You had 3 spell levels left.
You didn't know any spells.
Your spell library was empty.

Dungeon Overview and Level Annotations

Branches:
Dungeon (4/15)
 Temple: D:4-7

Altars:
Ashenzari
Dithmenos
Kikubaaqudgha
Sif Muna
Xom
The Shining One

Annotations:
D:4 Blork the orc


Innate Abilities, Weirdness & Mutations

Your plain brown scales are hard. (AC +5)
You cannot fit into any form of body armour.
You are cold-blooded and may be slowed by cold attacks.


Message History

You hear some strange, mumbled words.
A puff of frost appears from out of thin air!
The puff of frost hits you! Something hits you.
You miss something. You tail-slap something.
Something hits you but does no damage. x2
You closely miss something.
Your tail-slap misses something.
Something hits you but does no damage.
You hear some strange, mumbled words.
A puff of frost appears from out of thin air!
The puff of frost hits you!
* * * LOW HITPOINT WARNING * * *
You barely miss something. Something hits you.
* * * LOW HITPOINT WARNING * * *
Something hits you.
* * * LOW HITPOINT WARNING * * *
You barely miss something.
You hear some strange, mumbled words.
A puff of flame appears from out of thin air!
The puff of flame hits you!
You die...

#.##.#.......# ...
#. #.#..##.#.# #...
#.
#.#.###.#.#######
#... ..
#...###+#.##....##
#... ##
######...........#
#... #...###.....#
#... #...# #.....#
#... #.{.#
#.....##.#... #.@.#
#.....##..... #...#
#.....####### #...#
####.........
#?...............##
?....###########.#
.##.#.# .... =.
#.#.# .#.## ##
#.#.# #.#.# ..#.# #
#.#


There were no monsters in sight!

Vanquished Creatures
  A worker ant (D:4)
  An adder (D:2)
  5 worms
  A dart slug (D:2)
  3 leopard geckos
  An orc (D:3)
  17 bats
  A giant cockroach (D:1)
  5 goblins
  6 hobgoblins
  3 jackals (D:3)
  10 kobolds
  A quokka (D:3)
  6 frilled lizards
  3 rats
64 creatures vanquished.

Vanquished Creatures (others)
  5 dream sheep (D:3)
5 creatures vanquished.

Grand Total: 69 creatures vanquished

Notes
Turn   | Place    | Note
-------+----------+-------------------------------------------
     0 | D:1      | Queen the Draconian Fighter began the quest for the Orb.
     0 | D:1      | Reached XP level 1. HP: 19/19 MP: 1/1
   188 | D:1      | Reached XP level 2. HP: 24/26 MP: 2/2
   264 | D:1      | Found a broken altar of Ashenzari.
   932 | D:2      | Reached XP level 3. HP: 31/31 MP: 3/3
  1010 | D:2      | Found a shimmering blue altar of Sif Muna.
  1013 | D:2      | Found a shadowy altar of Dithmenos.
  1015 | D:2      | Found a shimmering altar of Xom.
  1419 | D:2      | Reached XP level 4. HP: 40/40 MP: 4/4
  1610 | D:2      | Found a glowing golden altar of the Shining One.
  1628 | D:2      | Became a worshipper of the Shining One
  1987 | D:3      | Found an ancient bone altar of Kikubaaqudgha.
  2014 | D:3      | Noticed a dream sheep
  2014 | D:3      | Noticed a dream sheep
  2014 | D:3      | Noticed a dream sheep
  2014 | D:3      | Noticed a dream sheep
  2014 | D:3      | Noticed a dream sheep
  2014 | D:3      | Found a shimmering altar of Xom.
  2018 | D:3      | Killed a dream sheep
  2019 | D:3      | Killed a dream sheep
  2021 | D:3      | Killed a dream sheep
  2021 | D:3      | Killed a dream sheep
  2021 | D:3      | Killed a dream sheep
  2143 | D:4      | Reached skill level 4 in Fighting
  2181 | D:4      | Noticed Blork the orc
  2224 | D:4      | HP: 1/40 [something (5)]
  2230 | D:4      | Killed from afar by Blork the orc

Illustrated notes

Levels and vault maps discovered:
D:1:      tarquinn_simple_flora_water_b, layout_loops_cross,
          nicolae_ashenzari_panopticon
D:2:      layout_basic, grunt_temple_overflow_open, nicolae_tso_carved_into_rock
D:3:      layout_rooms, lemuel_crystal_altar, serial_glass, glass_columns_c,
          glass_columns_a, kb_xom_exploding_sheep
D:4:      layout_basic, grunt_temple_overflow_diamond, serial_co_window_serial,
          co_window_cross_1, co_window_corner_a, co_window_paths_b,
          co_window_of_opportunity_a, co_window_of_opportunity_a,
          co_window_broadway_b, co_window_of_opportunity_b,
          co_window_of_opportunity_b, co_window_corner_b, glass_columns_a,
          glass_columns_a, glass_columns_a, glass_columns_a, glass_columns_a,
          uniq_edmund, uniq_blork_the_orc

Skill      XL: |  1  2  3  4 |
---------------+-------------+-----
Dodging        | 3 |  3.2
Long Blades    | 3 |  3.5
Fighting       | 4 |  4.0
Shields        | |  3.5

Action                   |  1- 3 |  4- 6 || total
-------------------------+-------+-------++-------
Melee: Long sword        |   118 |    79 ||   197
       Tailslap          |     7 |    16 ||    23
  Use: Potion            |     2 |     1 ||     3
       Scroll            |       |     4 ||     4
 Stab: Sleeping          |     1 |       ||     1
Armor: Skin              |    61 |    34 ||    95
Dodge: Dodged            |    80 |    28 ||   108
Block: Kite shield       |    89 |    54 ||   143
       Rpst.: Long sword |    29 |     8 ||    37

Table legend: (Time is in decaauts)
 A = Elapsed time spent in this place.
 B = Non-inter-level travel time spent in this place.
 C = Inter-level travel time spent in this place.
 D = Time resting spent in this place.
 E = Time spent auto-exploring this place.
 F = Levels seen in this place.
 G = Mean time per level.
                   A        B        C        D        E       F      G
               +--------+--------+--------+--------+--------+-----+--------+
         Total |   2296 |   2191 |    105 |    252 |   1362 |   4 |  574.0 |
       Dungeon |   2296 |   2191 |    105 |    252 |   1362 |   4 |  574.0 |
               +--------+--------+--------+--------+--------+-----+--------+

Top non-repeatable levels by time:
     D:1: 916 daAuts
     D:2: 835 daAuts
     D:3: 425 daAuts
     D:4: 119 daAuts
